 Dungeon Crawl Stone Soup version 0.24-a0-613-g1ff6aac338 (webtiles) character file.

Game seed: 14130869476396258189, levelgen mode: deterministic

755 D1HalberdGnoll the Grave Robber (level 8, -2/58 HPs)
             Began as a Human Necromancer on Sept 11, 2019.
             Killed from afar by an orc wizard (4 damage)
             ... with a magic dart
             ... on level 5 of the Dungeon.
             The game lasted 00:08:04 (4734 turns).

D1HalberdGnoll the Grave Robber (Human Necromancer) Turns: 4734, Time: 00:08:04

Health: -2/58      AC:  3    Str: 15    XL:     8   Next: 7%
Magic:  3/13       EV: 12    Int: 17    God:
Gold:   301        SH:  0    Dex: 13    Spells: 5/14 levels left

rFire    . . .     SeeInvis .   s - +5 club
rCold    . . .     Gourm    .   o - +1 buckler
rNeg     . . .     Faith    .   a - +0 robe
rPois    .         Spirit   .   (no helmet)
rElec    .         Reflect  .   g - +0 cloak
rCorr    .         Harm     .   (no gloves)
MR       .....                  (no boots)
Stlth    +.........             (no amulet)
HPRegen  0.19/turn              u - ring of wizardry
MPRegen  0.13/turn              (no ring)

@: confused, mighty, lethally poisoned (-2 -> -3), about to teleport
A: no striking features
a: no special abilities


You were on level 5 of the Dungeon.
You were not hungry.

You visited 1 branch of the dungeon, and saw 5 of its levels.

You collected 301 gold pieces.

Inventory:

Hand Weapons
 s - a +5 club (weapon)
Missiles
 w - a throwing net (quivered)
Armour
 a - a +0 robe (worn)
 g - a +0 cloak (worn)
 o - a +1 buckler (worn)
Jewellery
 p - an uncursed ring of ice {unknown}
 q - an uncursed amulet of rage {unknown}
 u - a ring of wizardry (left hand)
Wands
 r - a wand of polymorph (12)
Scrolls
 b - 2 scrolls of remove curse
 e - 2 scrolls of teleportation
 i - 3 scrolls of magic mapping
 l - a scroll of amnesia
 m - 2 scrolls of identify
 n - a scroll of random uselessness {unknown}
Potions
 d - a potion of mutation {unknown}
 h - a potion of berserk rage
 j - a potion of might
 k - a potion of flight {unknown}
 t - a potion of degeneration {unknown}
 v - a potion of agility {unknown}
Comestibles
 c - 11 rations
 x - 3 chunks of flesh


   Skills:
 + Level 3.4 Fighting
 - Level 2.4 Dodging
 - Level 2.0 Stealth
 + Level 3.1 Shields
 + Level 3.8 Spellcasting
 * Level 6.7 Necromancy


You had 5 spell levels left.
You knew the following spells:

 Your Spells              Type           Power        Failure   Level  Hunger
a - Pain                  Necr           ####         1%          1    None
b - Vampiric Draining     Necr           ####......   1%          3    ###....
c - Animate Dead          Necr           N/A          4%          4    ####...
s - Animate Skeleton      Necr           N/A          1%          1    None

Your spell library contained the following spells:

 Spells                   Type           Power        Failure   Level  Hunger
 Regeneration             Chrm/Necr      ##........   6%          3    ###....


Dungeon Overview and Level Annotations

Branches:
Dungeon (5/15)
 Temple: D:4-7

Altars:
Trog
The Shining One


Message History

The orc wizard casts a spell.
The orc wizard blinks!
It was a potion of might.
You feel very mighty all of a sudden. You block the orc's attack.
The worm barely misses you.
You sock the frilled lizard!
You kill the frilled lizard!
You feel sick. The orc wizard closely misses you.
The orc wizard barely misses you. The orc hits you with a +0 club.
* * * LOW HITPOINT WARNING * * *
It was a potion of ambrosia.
You are confused.
You feel invigorated.
The orc wizard hits you but does no damage.
The orc hits you with a +0 club.
* * * LOW HITPOINT WARNING * * *
The worm closely misses you.
The orc wizard gestures at you while chanting.
The magic dart hits you.
You die...

........# #.#...#
#..........# #.#...#
#.....>....# #.#####
#..........# #.#
#..........# #.#
##..........# #.#
............# #.# #####
......o[w...###.####....
......)@o..........>....
...#..#########.####....
#. #.# ##### # #.# # #.#
# #.# # ##'## # #...#
#### #...# #...


You could see a worm, an orc wizard and an orc.

Vanquished Creatures
  An eye of draining (D:4)
  An ogre (D:5)
  A scorpion (D:5)
  2 hounds (D:4)
  A bullfrog skeleton (D:4)
  An orc wizard (D:4)
  An orc priest (D:5)
  Jessica (D:3)
  5 iguanas
  4 worker ants
  3 adders
  A gnoll (D:4)
  A shadow imp (D:4)
  An ooze (D:4)
  A worm (D:4)
  A dart slug (D:1)
  2 leopard geckos
  4 orcs
  4 ball pythons
  5 bats
  2 giant cockroaches (D:3)
  6 hobgoblins
  6 jackals
  7 kobolds
  A quokka (D:4)
  5 frilled lizards
  5 goblins
  5 rats
78 creatures vanquished.

Vanquished Creatures (collateral kills)
  An ooze (D:2)
  A dart slug (D:1)
  A leopard gecko (D:2)
  An orc (D:4)
  A goblin (D:1)
  3 hobgoblins (D:1)
  2 jackals (D:1)
  2 frilled lizards
  A rat (D:1)
13 creatures vanquished.

Grand Total: 91 creatures vanquished

Notes
Turn   | Place    | Note
-------+----------+-------------------------------------------
     0 | D:1      | D1HalberdGnoll the Human Necromancer began the quest for
                  | the Orb.
     0 | D:1      | Reached XP level 1. HP: 13/13 MP: 3/3
   103 | D:1      | Learned a level 1 spell: Animate Skeleton
   217 | D:1      | Reached XP level 2. HP: 11/20 MP: 1/5
   889 | D:1      | Reached XP level 3. HP: 18/25 MP: 6/6
  1173 | D:1      | Learned a level 3 spell: Vampiric Draining
  1222 | D:2      | Reached skill level 1 in Fighting
  1482 | D:2      | Reached XP level 4. HP: 23/32 MP: 7/7
  1810 | D:3      | Noticed Jessica
  1815 | D:3      | Killed Jessica
  1972 | D:3      | Reached XP level 5. HP: 35/37 MP: 3/8
  2313 | D:3      | Reached skill level 1 in Shields
  2324 | D:3      | Reached skill level 5 in Necromancy
  2607 | D:4      | Learned a level 4 spell: Animate Dead
  2748 | D:4      | Noticed an eye of draining
  2749 | D:4      | Found a bloodstained altar of Trog.
  2780 | D:4      | Killed an eye of draining
  2780 | D:4      | Reached XP level 6. HP: 42/45 MP: 1/10
  3462 | D:4      | Reached XP level 7. HP: 49/51 MP: 0/11
  3620 | D:4      | Reached skill level 6 in Necromancy
  4283 | D:5      | Entered Level 5 of the Dungeon
  4374 | D:5      | Found a glowing golden altar of the Shining One.
  4722 | D:5      | Reached XP level 8. HP: 42/58 MP: 4/13
  4733 | D:5      | HP: 1/58 [orc/+0 club (4)]
  4734 | D:5      | Killed from afar by an orc wizard

Levels and vault maps discovered:
D:1:      lemuel_arrival_room, layout_rooms
D:2:      layout_rooms, first_ration
D:3:      layout_basic, uniq_jessica
D:4:      layout_loops_ring, trog_eyes_of_draining, minmay_misc_feat_chi,
          kennysheep_generic_room_10
D:5:      layout_basic, lemuel_crystal_altar, serial_shops, kennysheep_mini

Skill      XL: |  1  2  3  4  5  6  7 |
---------------+----------------------+-----
Fighting       | 1 2 3 |  3.4
Shields        | 1 2 3 |  3.1
Necromancy     | 5 6 |  6.7
Spellcasting   | 3 |  3.8
Dodging        | |  2.4
Stealth        | |  2.0

Action                   |  1- 3 |  4- 6 |  7- 9 || total
-------------------------+-------+-------+-------++-------
Melee: Hand axe          |    37 |       |       ||    37
       Club              |       |    60 |    49 ||   109
 Cast: Pain              |    32 |    50 |    35 ||   117
       Animate Skeleton  |    14 |    13 |     5 ||    32
       Vampiric Draining |     1 |     5 |     8 ||    14
       Animate Dead      |       |       |     2 ||     2
  Use: Scroll            |       |     8 |     1 ||     9
       Potion            |       |       |     2 ||     2
 Stab: Sleeping          |     2 |     3 |       ||     5
       Distracted        |     1 |       |       ||     1
  Eat: Chunk             |     3 |     6 |     6 ||    15
Armor: Robe              |     7 |    12 |    18 ||    37
Dodge: Dodged            |    34 |    60 |    39 ||   133
Block: Buckler           |     4 |    17 |    17 ||    38

Table legend:
 A = Non-vault XP
 B = Vault XP
 C = Vault XP percentage of total XP
 D = Non-vault monster count
 E = Vault monster count
 F = Vault count percentage of total count
                 A         B        C        D         E       F
            +---------+---------+-------+---------+---------+-------
      Total |     895 |     184 |  17.1 |      86 |       5 |   5.5
            +---------+---------+-------+---------+---------+-------
        D:1 |      35 |       0 |   0.0 |      22 |       0 |   0.0
        D:2 |      36 |       0 |   0.0 |      14 |       0 |   0.0
        D:3 |     119 |      37 |  23.7 |      23 |       1 |   4.2
        D:4 |     326 |     147 |  31.1 |      17 |       4 |  19.0
        D:5 |     379 |       0 |   0.0 |      10 |       0 |   0.0
            +---------+---------+-------+---------+---------+-------
